AoeStats
← Panny-kun

Arabia

509866002Analyzed
1v1 RM · 5d ago on Sep 28, 2026· 35m 49s· 2 players
Game mode
Random Map
Map size
Tiny (2 player)
Population
200
Speed
Normal
Resources
Standard
Victory
Conquest
Starting age
Dark Age
Ending age
Imperial Age
RankedLock teamsTeams togetherTeam positionsShared explorationLock speedFull tech treeHidden civsTurbo modeCheats
Victory
Defeat
🇵🇭 Maya · Philippines
1260
+18
🇨🇿 Chinese · Czechia
1309
-18
kasato
0:27 Loom
9:04 Feudal Age
9:34 Double-Bit Axe
12:59 Wheelbarrow
13:44 Fletching
13:54 Horse Collar
17:42 Padded Archer Armor
21:56 Castle Age
22:39 Bodkin Arrow
23:04 Bow Saw
22:56 Heavy Plow
23:30 Crossbowman
24:15 Thumb Ring
30:08 Ballistics
Panny-kun
7:32 Loom
9:44 Feudal Age
10:24 Double-Bit Axe
16:51 Fletching
17:55 Padded Archer Armor
22:43 Castle Age
22:51 Crossbowman
23:33 Bodkin Arrow
25:43 Wheelbarrow
30:57 Imperial Age
31:49 Bracer
35:45 Chemistry
Connection lost

Rejoining the realm…

Still unreachable

The connection could not be restored.

Session expired

The server has moved on; the page needs a fresh start.